[Event "Early-Titled-Tuesday-Blitz-January-30-2024"]
[Site "Chess.com"]
[Date "2024.01.30"]
[Round "6"]
[White "iwanyu"]
[Black "BelyakovBogdan"]
[Result "1-0"]
[WhiteElo "2846"]
[BlackElo "2547"]
[TimeControl "180+1"]
[EndTime "9:06:43 PST"]
[Termination "iwanyu won by resignation"]

1. d4 Nf6 2. c4 g6 3. Nf3 Bg7 4. g3 O-O 5. Bg2 d6 6. Nc3 Nc6 7. d5 Na5 8. b3 c5 9. Bb2 a6 10. O-O Rb8 11. Nd2 b5 12. Qc1 bxc4 13. bxc4 Rb4 14. Nd1 Bg4 15. Re1 Bh6 16. f4 Bg7 17.
Bc3 Rb8 18. Nf2 Bd7 19. e4 Qc7 20. Qa3 Nb7 21. h3 a5 22. Kh2 a4 23. Rac1 e5 24.
dxe6 fxe6 25. e5 Ne8 26. exd6 Nexd6 27. Bxg7 Kxg7 28. Qc3+ Kg8 29. Ng4 h5 30. Nf6+ Kf7 31. Nf3 Bc8 32. Ng5+ Ke7 33. Nd5+ 1-0

[Event "Early-Titled-Tuesday-Blitz-January-30-2024"]
[Site "Chess.com"]
[Date "2024.01.30"]
[Round "6"]
[White "Kotlyar_K"]
[Black "pirulillo"]
[Result "0-1"]
[WhiteElo "2470"]
[BlackElo "2287"]
[TimeControl "180+1"]
[EndTime "9:06:49 PST"]
[Termination "pirulillo won by resignation"]

1. e4 c5 2. Nf3 e6 3. d4 cxd4 4. Nxd4 Nf6 5. Nc3 Nc6 6. Ndb5 d6 7. Bf4 e5 8. Bg5 a6 9. Na3 b5 10. Nd5 Be7 11. Bxf6 Bxf6 12. c3 Bg5 13. Nc2 O-O 14. a4 bxa4 15. Rxa4 a5 16. Bc4 Rb8 17. b3 Kh8 18. Nce3 g6 19. h4 Bxh4 20. g3 Bg5 21. f4 exf4 22. gxf4 Bh4+ 23. Kd2 f5 24. Qg1 fxe4 25. Qh2 g5 26. fxg5 Rf2+ 27. Qxf2 Bxf2 28. Nf6 Bxe3+ 29. Kxe3 Bf5 30. Bg8 Rb7 31. Bd5 Rc7 32. Ra2 Ne5 33. Kf4 Bg6 34. Rah2 Nd3+ 35. Ke3 Re7 36.
Rh6 Qb6+ 37. Ke2 Nf4+ 38. Kd1 Nxd5 39. Nxd5 Qxb3+ 40. Ke2 Qxd5 41. Rxg6 Qd3+ 42. Ke1 e3 43. Rg7 Qd2+ 0-1

[Event "Early-Titled-Tuesday-Blitz-January-30-2024"]
[Site "Chess.com"]
[Date "2024.01.30"]
[Round "6"]
[White "RobertJFischer71"]
[Black "Massakru"]
[Result "1-0"]
[WhiteElo "2559"]
[BlackElo "2401"]
[TimeControl "180+1"]
[EndTime "9:06:51 PST"]
[Termination "RobertJFischer71 won by resignation"]

1. e4 e5 2. Nf3 Nc6 3. Bc4 Nf6 4. O-O Bc5 5. d4 Bxd4 6. Nxd4 Nxd4 7. Bg5 d6 8. f4 h6 9. Bh4 Ne6 10. fxe5 dxe5 11.
Qxd8+ Nxd8 12. Bxf6 gxf6 13. Nc3 c6 14. Rxf6 Be6 15.
Bxe6 Nxe6 16. Rf5 O-O-O 17. Rxf7 Rd2 18. Rf2 Rhd8 19. Raf1 b5 20. Rxd2 Rxd2 21. Rf2 Rxf2 22. Kxf2 Nd4 23. Kg3 Nxc2 24. Kg4 Ne3+ 25. Kh5 Nxg2 26.
Kxh6 a6 27. Kg5 Kd7 28. h4 Nf4 29. h5 Kd6 30. h6 Ne6+ 31. Kf6 Nf8 32. b4 c5 33. a3 cxb4 34. axb4 Nh7+ 35. Kg6 Nf8+ 36. Kf7 Ne6 37. h7 Ng5+ 38. Kg6 Nxh7 39. Kxh7 a5 40. bxa5 b4 41. Na4 Kc6 42. a6 b3 43. Kg6 b2 44. Nxb2 Kb6 45. Kf5 Kxa6 46. Kxe5 Kb5 47. Kd5 1-0

[Event "Early-Titled-Tuesday-Blitz-January-30-2024"]
[Site "Chess.com"]
[Date "2024.01.30"]
[Round "6"]
[White "sergoy"]
[Black "FairChess_on_YouTube"]
[Result "0-1"]
[WhiteElo "2972"]
[BlackElo "3099"]
[TimeControl "180+1"]
[EndTime "9:06:54 PST"]
[Termination "FairChess_on_YouTube won by resignation"]

1. d4 Nf6 2. c4 e6 3. Nf3 a6 4. Nc3 d5 5. cxd5 exd5 6. Bg5 Be6 7. Bxf6 Qxf6 8. Qb3 Ra7 9. h4 Bd6 10. g3 O-O 11.
Bh3 Bxh3 12. Rxh3 Re8 13. g4 Nc6 14. O-O-O Qf4+ 15. Kb1 Qxg4 16. Rhh1 Qf5+ 17. Ka1 Nb4 18. a3 a5 19. Rhg1 a4 20. Nxa4 Qc2 21. Qxc2 Nxc2+ 22. Kb1 Nxa3+ 23. bxa3 Rxa4 24. e3 Rxa3 25. h5 Rea8 26. h6 g6 27. Ng5 Ra1+ 28. Kb2 R1a2+ 29. Kb1 Rxf2 30. Rgf1 Rxf1 31. Rxf1 f5 32. Kb2 Re8 33. Rf3 Be7 34. Nh3 Bf8 35. Nf4 c6 36. Rh3 Kf7 37. Nd3 Bd6 38. Kc3 g5 0-1

[Event "Early-Titled-Tuesday-Blitz-January-30-2024"]
[Site "Chess.com"]
[Date "2024.01.30"]
[Round "6"]
[White "vasblesk"]
[Black "Casper"]
[Result "1-0"]
[WhiteElo "2759"]
[BlackElo "2536"]
[TimeControl "180+1"]
[EndTime "9:06:55 PST"]
[Termination "vasblesk won by resignation"]

1. d4 d6 2. Nf3 g6 3. g3 Bg7 4.
Bg2 Nf6 5. O-O Bd7 6. c4 Qc8 7. Nc3 Bh3 8. e4 h5 9. Bg5 Nc6 10. Nd5 Bxg2 11. Kxg2 Nxe4 12. Be3 h4 13. Nxh4 g5 14. Qf3 gxh4 15. Qxe4 hxg3 16. hxg3 Qh3+ 17. Kf3 Qh5+ 18. Kg2 Qh3+ 19. Kf3 Qh5+ 20. g4 Qh3+ 21. Ke2 f5 22. Qxf5 e6 23. Qxe6+ Kf8 24. Nf4 1-0

[Event "Early-Titled-Tuesday-Blitz-January-30-2024"]
[Site "Chess.com"]
[Date "2024.01.30"]
[Round "6"]
[White "LaPiToB"]
[Black "HelvertHernandez"]
[Result "1-0"]
[WhiteElo "2285"]
[BlackElo "1879"]
[TimeControl "180+1"]
[EndTime "9:06:55 PST"]
[Termination "LaPiToB won on time"]

1. c4 Nf6 2. Nc3 g6 3. g3 Bg7 4. Bg2 c6 5. e4 e5 6. Nge2 O-O 7. O-O d6 8. d3 Be6 9. h3 d5 10. exd5 cxd5 11. Bg5 dxc4 12. dxc4 Nc6 13. Nd5 Re8 14.
Nec3 h6 15. Nxf6+ Bxf6 16. Bxh6 Bxc4 17. Re1 Rc8 18. Qf3 Nd4 19. Qxb7 Qa5 20. Ne4 Bg7 21. Bxg7 Kxg7 22. Nd6 Rc7 23. Nxe8+ 1-0

[Event "Early-Titled-Tuesday-Blitz-January-30-2024"]
[Site "Chess.com"]
[Date "2024.01.30"]
[Round "6"]
[White "Xsu11"]
[Black "Klavdia_Nik"]
[Result "1-0"]
[WhiteElo "2341"]
[BlackElo "2139"]
[TimeControl "180+1"]
[EndTime "9:06:56 PST"]
[Termination "Xsu11 won by resignation"]

1. e4 e6 2. d3 d5 3. Nd2 c5 4. g3 Nc6 5. Bg2 g6 6. Ngf3 Bg7 7. O-O Nge7 8. c3 O-O 9. Qe2 e5 10. Re1 h6 11. Nf1 Be6 12. Nh4 Kh7 13. f4 exf4 14. gxf4 Qd7 15. Ng3 Bg4 16. Qf2 dxe4 17. dxe4 b6 18. f5 gxf5 19. exf5 Bf6 20. Ne4 Bxh4 21. Qxh4 Bxf5 22. Nf6+ 1-0

[Event "Early-Titled-Tuesday-Blitz-January-30-2024"]
[Site "Chess.com"]
[Date "2024.01.30"]
[Round "6"]
[White "Kildepiotr"]
[Black "Slovineanu"]
[Result "1-0"]
[WhiteElo "2670"]
[BlackElo "2437"]
[TimeControl "180+1"]
[EndTime "9:07:02 PST"]
[Termination "Kildepiotr won by resignation"]

1. Nf3 d5 2. g3 Nd7 3. Bg2 e5 4. O-O Ngf6 5. d3 Bd6 6. Nbd2 O-O 7. e4 dxe4 8. dxe4 Re8 9. Qe2 a5 10. a4 b6 11. b3 Ba6 12. Nc4 Qe7 13. Bb2 Nc5 14.
Nh4 g6 15. Rfd1 Qe6 16. Bf1 Bxc4 17. Qxc4 Qxc4 18. Bxc4 Nfxe4 19. Nf3 Nf6 20. Re1 Nfd7 21.
Re2 Re7 22. Rae1 Rae8 23. Bb5 e4 24. Nd4 Be5 25. Ba1 Bxd4 26. Bxd4 f5 27. f3 Kf8 28.
Bxc5 bxc5 29. fxe4 c6 30. Bxc6 Ne5 31. Bxe8 Nf3+ 32.
Kf2 Nxe1 33. Bb5 Nxc2 34. Rxc2 Rxe4 35. Rxc5 1-0

[Event "Early-Titled-Tuesday-Blitz-January-30-2024"]
[Site "Chess.com"]
[Date "2024.01.30"]
[Round "6"]
[White "guillembaches"]
[Black "Nekoo04"]
[Result "1-0"]
[WhiteElo "2552"]
[BlackElo "2392"]
[TimeControl "180+1"]
[EndTime "9:07:04 PST"]
[Termination "guillembaches won by resignation"]

1. d4 d5 2. Nf3 Nf6 3. Bg5 Ne4 4. Bf4 e6 5. e3 Bd6 6. Bxd6 Qxd6 7. Nbd2 Nxd2 8.
Qxd2 c5 9. c3 Nc6 10. Bd3 h6 11. O-O O-O 12. Rad1 e5 13. e4 cxd4 14. cxd4 exd4 15.
exd5 Qxd5 16. Rfe1 Bg4 17. Be4 Qxa2 18. h3 Bxf3 19.
Bxf3 Rad8 20. Rc1 d3 21. Bxc6 bxc6 22. Rxc6 Rd7 23. Rc3 Rfd8 24. Re3 Qd5 25. Rcxd3 Qxd3 26. Rxd3 Rxd3 27. Qa5 R8d7 28. b4 Rd1+ 29. Kh2 R1d2 30.
Qc5 g6 31. b5 Rb2 32. Qc8+ 1-0

[Event "Early-Titled-Tuesday-Blitz-January-30-2024"]
[Site "Chess.com"]
[Date "2024.01.30"]
[Round "6"]
[White "ozates"]
[Black "Actuary44"]
[Result "1-0"]
[WhiteElo "2649"]
[BlackElo "2484"]
[TimeControl "180+1"]
[EndTime "9:07:05 PST"]
[Termination "ozates won by resignation"]

1. c4 d6 2. g3 e5 3. Bg2 f5 4. Nc3 g6 5. d3 Bg7 6. e4 Nf6 7. Nge2 O-O 8. O-O Nc6 9. Nd5 Nxd5 10. cxd5 Ne7 11. f4 c6 12. dxc6 Nxc6 13. Rb1 Be6 14. a3 fxe4 15. dxe4 Bc4 16. Be3 exf4 17. gxf4 Qh4 18. b3 Ba6 19. Rf2 Rae8 20. Ng3 Kh8 21. Qxd6 Rd8 22. Qc5 Nd4 23. Qxa7 Bd3 24. Rd1 Nc2 25. Bc5 Rxf4 26. Rxd3 Rxd3 27. Qb8+ Rf8 28. Bxf8 Rd8 29. Bxg7+ Kxg7 30. Qe5+ Kg8 31. Rxc2 1-0

[Event "Early-Titled-Tuesday-Blitz-January-30-2024"]
[Site "Chess.com"]
[Date "2024.01.30"]
[Round "6"]
[White "kingofthenil"]
[Black "AlexLongson"]
[Result "0-1"]
[WhiteElo "2659"]
[BlackElo "2476"]
[TimeControl "180+1"]
[EndTime "9:07:10 PST"]
[Termination "AlexLongson won on time"]

1. e4 e5 2. Nf3 Nc6 3. Bc4 Nf6 4. d3 Be7 5. O-O O-O 6. c3 d6 7. a4 Be6 8. Bxe6 fxe6 9. Na3 Rb8 10.
Nc4 Qe8 11. g3 a5 12. Kg2 Nh5 13. Be3 Qg6 14. Ng1 d5 15. Na3 dxe4 16. d4 Bxa3 17.
bxa3 exd4 18. cxd4 Ne7 19. h3 Nd5 20. Qg4 Qxg4 21.
hxg4 Nxe3+ 22. fxe3 Nf6 23. Kh3 Nd5 0-1

[Event "Early-Titled-Tuesday-Blitz-January-30-2024"]
[Site "Chess.com"]
[Date "2024.01.30"]
[Round "6"]
[White "m_ezat"]
[Black "VeraVujovic"]
[Result "1-0"]
[WhiteElo "2476"]
[BlackElo "2256"]
[TimeControl "180+1"]
[EndTime "9:07:12 PST"]
[Termination "m_ezat won by resignation"]

1. d4 d5 2. c4 Nf6 3. cxd5 Qxd5 4. Nc3 Qd8 5. e4 e6 6. Nf3 Bb4 7. Bd3 Nc6 8. O-O O-O 9. e5 Nd5 10. Bd2 h6 11. Qe2 Qe7 12. Qe4 f5 13. Nxd5 exd5 14.
Qxd5+ Be6 15. Qb5 Bxd2 16. Nxd2 Nxd4 17. Qxb7 Rfb8 18. Qa6 Rxb2 19. Nc4 Rb4 20. Qa3 Re8 21. Qxa7 Nb5 22. Qa6 Rb8 23. Na5 Nc3 24. Nc6 Qc5 25.
Nxb4 Bc8 26. Qc4+ 1-0

[Event "Early-Titled-Tuesday-Blitz-January-30-2024"]
[Site "Chess.com"]
[Date "2024.01.30"]
[Round "6"]
[White "ri4mi"]
[Black "stepanosinovsky"]
[Result "1-0"]
[WhiteElo "2545"]
[BlackElo "2382"]
[TimeControl "180+1"]
[EndTime "9:07:13 PST"]
[Termination "ri4mi won on time"]

1. e4 e5 2. Nf3 Nc6 3. Nc3 Nf6 4. h3 Bb4 5. Nd5 Bc5 6. Bc4 h6 7. d3 d6 8. O-O Na5 9. Be3 Nxc4 10. Bxc5 dxc5 11.
dxc4 O-O 12. Re1 c6 13. Nc3 Qxd1 14. Raxd1 Nd7 15. Rd6 Re8 16. Red1 Nb6 17. b3 f6 18. g4 Be6 19. Nh4 Kf7 20. Ne2 Rh8 21. Ng3 Rae8 22. a4 a5 23. Nhf5 g6 24. Ne3 Re7 25. Rd8 Ree8 26.
Rxe8 Kxe8 27. h4 Nc8 28. h5 g5 29. Nef5 Rh7 30. f3 Rh8 31. Kf2 Rh7 32. Ke3 Rh8 33. Ng7+ Kf7 34. N3f5 1-0

[Event "Early-Titled-Tuesday-Blitz-January-30-2024"]
[Site "Chess.com"]
[Date "2024.01.30"]
[Round "6"]
[White "korkmaz16"]
[Black "DonJuanEGenaro"]
[Result "1-0"]
[WhiteElo "2455"]
[BlackElo "2004"]
[TimeControl "180+1"]
[EndTime "9:07:15 PST"]
[Termination "korkmaz16 won on time"]

1. e4 c5 2. Nc3 Nc6 3. f4 e6 4. Nf3 d5 5. Bb5 d4 6. Bxc6+ bxc6 7. Ne2 d3 8. Nc3 Ba6 9. Ne5 Qh4+ 10. g3 Qh3 11. Qf3 dxc2 12. Nxc6 Ne7 13. Ne5 f6 14.
Ng4 Nc6 15. Nf2 Qh6 16. e5 Rc8 17. d3 Nd4 18. Qg2 Be7 19. exf6 Bxf6 20. O-O O-O 21. Re1 Qh5 22. g4 Qh4 23. Re3 1-0

[Event "Early-Titled-Tuesday-Blitz-January-30-2024"]
[Site "Chess.com"]
[Date "2024.01.30"]
[Round "6"]
[White "vladoboch"]
[Black "YairParkhov"]
[Result "0-1"]
[WhiteElo "2480"]
[BlackElo "2682"]
[TimeControl "180+1"]
[EndTime "9:07:18 PST"]
[Termination "YairParkhov won by checkmate"]

1. e4 c5 2. Nf3 d6 3. d4 cxd4 4.
Nxd4 Nf6 5. Nc3 e5 6. Nb3 Be7 7.
Be3 O-O 8. f3 Be6 9. Qd2 Nc6 10.
g4 a5 11. a4 Nb4 12. g5 Nd7 13. O-O-O Rc8 14. Kb1 Nb6 15. Nxa5 Nxa4 16. Nxb7 Qc7 17. Nxa4 Qxb7 18. Nc3 Ra8 19. Nd5 Ra1+ 20. Kxa1 Qa8+ 21.
Kb1 Qa2+ 22. Kc1 Qa1# 0-1

[Event "Early-Titled-Tuesday-Blitz-January-30-2024"]
[Site "Chess.com"]
[Date "2024.01.30"]
[Round "6"]
[White "amintabatabaei"]
[Black "GP9isback23"]
[Result "1-0"]
[WhiteElo "2936"]
[BlackElo "2637"]
[TimeControl "180+1"]
[EndTime "9:07:19 PST"]
[Termination "amintabatabaei won on time"]

1. b3 d5 2. Bb2 e6 3. Nf3 Nf6 4. c4 Be7 5. e3 O-O 6. Nc3 b6 7. cxd5 exd5 8. d4 Bb7 9. Bd3 c5 10. O-O Nbd7 11. Rc1 Re8 12. Qe2 Bd6 13. Rfd1 Qe7 14.
Nb5 Bb8 15. Bb1 Ne4 16. Nc3 Ndf6 17. dxc5 bxc5 18. Bxe4 dxe4 19. Nd2 h5 20. Na4 Ng4 21. Nf1 Bd6 22. h3 Ne5 23. Qxh5 Rac8 24. Ng3 g6 25. Qh6 Qf8 26. Nf5 Qxh6 27. Nxh6+ Kg7 28. Ng4 Bb8 29. Nxc5 Bc6 30. Nxe4 1-0

[Event "Early-Titled-Tuesday-Blitz-January-30-2024"]
[Site "Chess.com"]
[Date "2024.01.30"]
[Round "6"]
[White "rikchessmx"]
[Black "AustinThomas12345"]
[Result "0-1"]
[WhiteElo "2327"]
[BlackElo "2507"]
[TimeControl "180+1"]
[EndTime "9:07:19 PST"]
[Termination "AustinThomas12345 won on time"]

1. e4 c5 2. Nf3 g6 3. d4 cxd4 4.
Qxd4 Nf6 5. e5 Nc6 6. Qc4 d5 7. exd6 Qxd6 8. Nc3 Bg7 9. Bf4 Qb4 10. O-O-O Qxc4 11. Bxc4 O-O 12. Nb5 Bg4 13. h3 Bxf3 14.
gxf3 e5 15. Be3 a6 16. Nd6 b5 17. Bb3 Na5 18. Bxf7+ Rxf7 19. Nxf7 Kxf7 20. f4 e4 21. b3 Nc6 22. Rd6 Ne7 23. Bd4 Nf5 24. Bxf6 Nxd6 25. Bxg7 Kxg7 26. Rd1 Rd8 27. Rd5 Nf7 28. Rc5 Kf6 29.
Rc6+ Rd6 30. Rc7 Re6 31. Kd2 h5 32. c4 bxc4 33. bxc4 Nd8 34. Ke3 Rc6 35. Rxc6+ Nxc6 36. Kxe4 Ke6 37. a4 a5 38. h4 Ne7 39. Kd4 Nf5+ 40.
Kc5 Nxh4 41. Kb6 Nf5 0-1

[Event "Early-Titled-Tuesday-Blitz-January-30-2024"]
[Site "Chess.com"]
[Date "2024.01.30"]
[Round "6"]
[White "VinzentSpitzl"]
[Black "ContrVersia"]
[Result "0-1"]
[WhiteElo "2619"]
[BlackElo "2844"]
[TimeControl "180+1"]
[EndTime "9:07:20 PST"]
[Termination "ContrVersia won by resignation"]

1. e4 c5 2. Nf3 a6 3. c3 d5 4. exd5 Qxd5 5. d4 Bg4 6. Be2 Nf6 7. dxc5 Qxc5 8. Be3 Qc7 9. h3 Bh5 10.
Nbd2 e6 11. O-O Nbd7 12. Nb3 Be7 13. a4 O-O 14. Nbd4 Nd5 15. Bd2 Rfd8 16. Re1 e5 17.
Nf5 Bf8 18. Qb3 Nc5 19. Qc4 Nb6 20. Qa2 Bxf3 21. b4 Bxe2 22. bxc5 Bc4 23. cxb6 Bxa2 24. bxc7 Rxd2 25. Red1 Rxd1+ 26. Rxd1 Rc8 27. Nd6 Rxc7 0-1

[Event "Early-Titled-Tuesday-Blitz-January-30-2024"]
[Site "Chess.com"]
[Date "2024.01.30"]
[Round "6"]
[White "Mops_2004"]
[Black "GatoRojo150"]
[Result "1-0"]
[WhiteElo "2759"]
[BlackElo "2585"]
[TimeControl "180+1"]
[EndTime "9:07:25 PST"]
[Termination "Mops_2004 won by resignation"]

1. f4 Nf6 2. Nf3 d6 3. g3 e5 4. fxe5 dxe5 5. Nxe5 Bd6 6. Nf3 h5 7. d4 h4 8. Nxh4 Rxh4 9. gxh4 Ne4 10. Bg5 Nxg5 11.
hxg5 Qxg5 12. Qd3 Bf5 13. Qf3 Nc6 14. e3 O-O-O 15. h4 Bg3+ 16. Kd1 Bg4 17. Bh3 Nxd4 18.
Bxg4+ Kb8 19. hxg5 Nxf3+ 20. Ke2 Ne5 21. Bf5 g6 22.
Bd3 Re8 23. Rh3 Nxd3 24. cxd3 Be5 25. Nc3 Bxc3 26. bxc3 b6 27. Rf1 Rh8 28. Rxh8+ 1-0

[Event "Early-Titled-Tuesday-Blitz-January-30-2024"]
[Site "Chess.com"]
[Date "2024.01.30"]
[Round "6"]
[White "bazar-wokzal"]
[Black "Jojo_898"]
[Result "1-0"]
[WhiteElo "2598"]
[BlackElo "2446"]
[TimeControl "180+1"]
[EndTime "9:07:25 PST"]
[Termination "bazar-wokzal won by resignation"]

1. e4 d6 2. f4 Nf6 3. Nc3 c6 4. Nf3 b5 5. e5 dxe5 6. fxe5 Nd5 7. d4 g6 8. Bg5 f6 9. Nxd5 Qxd5 10. exf6 exf6 11.
Bxf6 Qe6+ 12. Qe2 Bb4+ 13. c3 Rf8 14. Be5 Be7 15. Rd1 Nd7 16. Bg7 Qxe2+ 17. Bxe2 Rf7 18. Bh6 Nf6 19. O-O Be6 20. Ng5 Bxa2 21. Nxf7 Bxf7 22. Bf3 Bd5 23. Bg5 Bxf3 24. Rxf3 Nd5 25. Bxe7 Nxe7 26. Re1 Rd8 27. g4 Rd7 28. Kg2 a5 29. Kg3 b4 30.
Ra1 Rd5 31. cxb4 axb4 32. Ra8+ Kd7 33. Ra7+ Ke6 34. Re3+ 1-0

[Event "Early-Titled-Tuesday-Blitz-January-30-2024"]
[Site "Chess.com"]
[Date "2024.01.30"]
[Round "6"]
[White "h4parah5"]
[Black "gshwbedhkhd"]
[Result "1-0"]
[WhiteElo "2902"]
[BlackElo "2613"]
[TimeControl "180+1"]
[EndTime "9:07:26 PST"]
[Termination "h4parah5 won by resignation"]

1. d4 f5 2. Nf3 Nf6 3. c4 g6 4. e3 Bg7 5. b4 O-O 6. Be2 d6 7.
O-O e5 8. Bb2 e4 9. Nfd2 c6 10.
a4 d5 11. b5 Be6 12. Nc3 g5 13. a5 f4 14. a6 bxa6 15. bxc6 Nxc6 16. Rxa6 Qd7 17. Qa4 Rfb8 18. Ba3 Nd8 19. Qxd7 Bxd7 20.
cxd5 Bc8 21. Ra4 Bd7 22. Rc4 Bf5 23. Rc7 Nf7 24. d6 Rc8 25. Ba6 Rd8 26. Nc4 Ne8 27.
Nd5 Nxc7 28. Ne7+ Kh8 29. dxc7 Rd7 30. c8=Q+ Rxc8 31. Bxc8 Rxe7 32. Bxf5 Rc7 1-0

[Event "Early-Titled-Tuesday-Blitz-January-30-2024"]
[Site "Chess.com"]
[Date "2024.01.30"]
[Round "6"]
[White "Viktor_Poddubnyi"]
[Black "lularobs"]
[Result "1-0"]
[WhiteElo "2305"]
[BlackElo "1569"]
[TimeControl "180+1"]
[EndTime "9:07:27 PST"]
[Termination "Viktor_Poddubnyi won on time"]

1. e4 e6 2. d4 d5 3. Nd2 c5 4.
exd5 Qxd5 5. Ngf3 cxd4 6. Bc4 Qd8 7. O-O Nc6 8. Nb3 Nf6 9. Nbxd4 Nxd4 10. Qxd4 Qxd4 11.
Nxd4 Be7 12. Be2 O-O 13. Bf4 Bd7 14. Bf3 Rfc8 15. Bxb7 Nd5 16. Bg3 Bc5 17. Nb3 Bb6 18.
c3 Bb5 19. Rfd1 Be2 20. Rd2 Bc4 21. Be5 f6 22. Bd4 Rab8 23. Bxc8 Rxc8 24. Bxb6 axb6 25. Nd4 Kf7 26. b3 Ba6 27. c4 Nb4 28. Rad1 Re8 29.
Nc2 Nxa2 30. Ra1 Bxc4 31. bxc4 Nc3 32. f3 Rc8 33. Ne3 1-0

[Event "Early-Titled-Tuesday-Blitz-January-30-2024"]
[Site "Chess.com"]
[Date "2024.01.30"]
[Round "6"]
[White "DonkyDonkyDonkey"]
[Black "Rud_Makarian"]
[Result "0-1"]
[WhiteElo "2744"]
[BlackElo "3010"]
[TimeControl "180+1"]
[EndTime "9:07:29 PST"]
[Termination "Rud_Makarian won by resignation"]

1. e4 e5 2. Nf3 Nc6 3. Nc3 Nf6 4. a3 d6 5. d4 Be7 6. d5 Nb8 7. h3 O-O 8. Be3 c6 9. dxc6 bxc6 10. Bc4 Nbd7 11. Ba2 Bb7 12. g4 d5 13. exd5 cxd5 14. g5 d4 15. gxf6 Nxf6 16. Qe2 dxc3 17. b4 a5 18. b5 Qc8 19. Rg1 Qxh3 20. Nxe5 Qh2 21. Rg3 Ne4 22. O-O-O Nxg3 23. Qc4 Ne2+ 24. Qxe2 Qxe5 25.
Qg4 Bxa3+ 26. Kb1 Qxb5+ 27. Bb3 Ra6 28. Bd4 Rg6 29. Qf4 a4 0-1

[Event "Early-Titled-Tuesday-Blitz-January-30-2024"]
[Site "Chess.com"]
[Date "2024.01.30"]
[Round "6"]
[White "SantoBlue"]
[Black "Pliukha_Mikhail"]
[Result "1-0"]
[WhiteElo "2957"]
[BlackElo "2766"]
[TimeControl "180+1"]
[EndTime "9:07:32 PST"]
[Termination "SantoBlue won on time"]

1. e4 d5 2. exd5 Qxd5 3. Nc3 Qe5+ 4. Be2 Bg4 5. d4 Bxe2 6. Ngxe2 Qa5 7. O-O Nf6 8. Qd3 Nc6 9. Qc4 e6 10. Be3 O-O-O 11.
a3 Qf5 12. b4 Bd6 13. Ng3 Qg6 14. Nb5 h5 15. Nxd6+ Rxd6 16. b5 Na5 17. Qb4 b6 18. h3 Nd5 19. Qe1 h4 20. Ne2 Qxc2 21. Rc1 Qf5 22. Nc3 Nxe3 23. fxe3 Qg6 24. Qe2 f6 25. Na2 Rh5 26. Nb4 Rg5 27. Qf3 Rgd5 28. Nxd5 exd5 29.
Qf4 Nc4 30. e4 Kb7 31. exd5 Qd3 32. Rf3 Qe2 33. Rfc3 g5 34. Qf2 Qxf2+ 35. Kxf2 Nxa3 36.
Rxc7+ Kb8 37. Rc8+ 1-0

[Event "Early-Titled-Tuesday-Blitz-January-30-2024"]
[Site "Chess.com"]
[Date "2024.01.30"]
[Round "6"]
[White "FREDERICKtheMATE"]
[Black "Paladin61"]
[Result "1-0"]
[WhiteElo "2584"]
[BlackElo "2724"]
[TimeControl "180+1"]
[EndTime "9:07:32 PST"]
[Termination "FREDERICKtheMATE won by resignation"]

1. d4 d5 2. c4 e6 3. Nf3 Nf6 4. Nc3 h6 5. g3 Nc6 6. Bg2 Bd6 7.
O-O O-O 8. a3 dxc4 9. Qa4 e5 10.
d5 Ne7 11. Qxc4 a6 12. a4 Bd7 13. Rd1 Rb8 14. a5 Re8 15. e4 Ng6 16. Be3 Ng4 17. Bc5 Qe7 18. Bxd6 cxd6 19. Rac1 h5 20. Ne2 h4 21.
Qb4 Bb5 22. Nc3 Bd7 23. Nb1 f5 24. Rc7 Qd8 25. Rdc1 f4 26. Qxd6 Nf6 27. Na3 h3 28. Bf1 Bg4 29. Qxd8 Rexd8 30. Nd2 Ne8 31. R7c3 Nd6 32.
f3 Bd7 33. g4 Nh4 34. Kf2 1-0

[Event "Early-Titled-Tuesday-Blitz-January-30-2024"]
[Site "Chess.com"]
[Date "2024.01.30"]
[Round "6"]
[White "GHANDEEVAM2003"]
[Black "Adar_07"]
[Result "1-0"]
[WhiteElo "3049"]
[BlackElo "2644"]
[TimeControl "180+1"]
[EndTime "9:07:33 PST"]
[Termination "GHANDEEVAM2003 won by resignation"]

1. g3 d5 2. Bg2 Nf6 3. Nf3 Nc6 4. d4 Bg4 5. h3 Bxf3 6. exf3 e5 7.
dxe5 Nxe5 8. O-O Be7 9. f4 Nc4 10. b3 Nb6 11. Bb2 O-O 12. Re1 Re8 13. Nd2 Bc5 14.
Rxe8+ Nxe8 15. c4 dxc4 16. Bxb7 Rb8 17. Bf3 Nd6 18. Qc2 Qe7 19. a4 a5 20. Qc3 Nf5 21.
Nxc4 Bd4 22. Qd3 Qf6 23. Bxd4 Nxd4 24. Rd1 Nxf3+ 25. Qxf3 Nxc4 26. bxc4 g6 27. Qd5 Qc3 28. Qc5 Re8 29. Qxc7 Qc2 30. Qd7 Re2 31. Qd8+ Kg7 32. Qd4+ Kh6 33. g4 Rxf2 34. g5+ Kh5 35. Qxf2 Qxd1+ 36. Kg2 h6 37. Qf3+ Qxf3+ 38. Kxf3 hxg5 39. c5 gxf4 1-0

[Event "Early-Titled-Tuesday-Blitz-January-30-2024"]
[Site "Chess.com"]
[Date "2024.01.30"]
[Round "6"]
[White "FormerProdigy"]
[Black "mitrabhaa"]
[Result "1-0"]
[WhiteElo "3035"]
[BlackElo "2922"]
[TimeControl "180+1"]
[EndTime "9:07:34 PST"]
[Termination "FormerProdigy won by resignation"]

1. d4 Nf6 2. c4 e6 3. Nc3 Bb4 4.
e3 b6 5. Ne2 Ba6 6. a3 Be7 7.
Nf4 O-O 8. b4 Bb7 9. Bd3 d6 10.
O-O e5 11. Nfd5 Nxd5 12. Nxd5 c6 13. Nxe7+ Qxe7 14. Qc2 h6 15. a4 c5 16. bxc5 bxc5 17. d5 a5 18. Bd2 Qc7 19. f4 Na6 20. fxe5 dxe5 21. Bh7+ Kh8 22. Bf5 Nb4 23. Qe4 Qd6 24. Bc3 Rae8 25. Rf3 g6 26. Raf1 gxf5 27. Rxf5 Qg6 28.
Rxe5 Qxe4 29. Rxe8+ f6 30. Rxe4 1-0

[Event "Early-Titled-Tuesday-Blitz-January-30-2024"]
[Site "Chess.com"]
[Date "2024.01.30"]
[Round "6"]
[White "Cambek64"]
[Black "Witik"]
[Result "1-0"]
[WhiteElo "2520"]
[BlackElo "2657"]
[TimeControl "180+1"]
[EndTime "9:07:34 PST"]
[Termination "Cambek64 won by checkmate"]

1. b3 d5 2. Bb2 Bg4 3. Nf3 Bxf3 4. exf3 Nd7 5. f4 Ngf6 6. g3 g6 7. Bg2 c6 8. O-O Bg7 9. d3 O-O 10. Nd2 Ne8 11. Bxg7 Nxg7 12. d4 a5 13. c3 e6 14.
Nf3 Qb6 15. Qd2 c5 16. Bh3 Rac8 17. Rac1 Rc7 18. Rc2 Rfc8 19. Rfc1 Nf6 20. Qe3 cxd4 21. Nxd4 Nge8 22. c4 dxc4 23. bxc4 Nd6 24. Bxe6 fxe6 25.
Qxe6+ Kg7 26. c5 Rxc5 27. Rxc5 Rxc5 28. Qe7+ Kg8 29. Rxc5 Qxc5 30. Ne6 Qc1+ 31. Kg2 Qc6+ 32. Kh3 Qc8 33. Qg7# 1-0

[Event "Early-Titled-Tuesday-Blitz-January-30-2024"]
[Site "Chess.com"]
[Date "2024.01.30"]
[Round "6"]
[White "Firouzja2003"]
[Black "AlexPapasimakopoulos"]
[Result "1-0"]
[WhiteElo "3137"]
[BlackElo "2761"]
[TimeControl "180+1"]
[EndTime "9:07:35 PST"]
[Termination "Firouzja2003 won by resignation"]

1. d4 e6 2. e4 d5 3. e5 c5 4. c3 Nc6 5. Nf3 Bd7 6. Na3 cxd4 7. cxd4 Bxa3 8. bxa3 Nge7 9. Bd3 Qa5+ 10. Bd2 Qxa3 11. Qb1 h6 12. O-O O-O 13. Re1 a5 14. Re3 Nf5 15. Bxf5 Qe7 16. Bd3 b5 17. Bxb5 Rfb8 18. a4 Na7 19. Bxa5 Nxb5 20. axb5 Rxb5 21. Qe1 Rb2 22. h3 Bb5 23. Bb4 Rxa1 24. Bxe7 Rxe1+ 25. Rxe1 Be2 26. Bc5 Kh7 27. Nh2 Kg6 28. Ng4 Bd3 29. Ne3 Ra2 30. f3 h5 31. h4 f6 32. Nf1 Ra6 33.
Ng3 Bc2 34. Kh2 Bd3 35. Re3 Bc4 36. f4 f5 37. Nh1 Ba2 38. Ra3 Rxa3 39. Bxa3 Kf7 40.
Nf2 Ke8 41. Nh3 Bc4 42. Ng5 Kd7 43. g3 Ba6 44. Bc5 Bc8 45. Kg1 Kc6 46. Kf2 Kb5 47. Ke3 Kc4 48. Kd2 Kb3 49. Bf8 g6 50. Bc5 Bd7 51. Nh7 Bb5 52. Nf8 Bd7 53. Nxd7 1-0